[Event "Titled Tuesday Blitz April 11 Early 2023"]
[White "Aldokhin, Ivan"]
[Black "Dominguez Pons, Eric"]
[WhiteFideId "24115720"]
[BlackFideId "2262916"]
[WhiteElo "2322"]
[BlackElo "2302"]
[Result "0-1"]
[Round "03"]
[TimeControl "180+2"]
[Date "2023.04.11"]
[WhiteClock "0:00:02"]
[BlackClock "0:00:35"]

1. e4 c6 2. Nc3 d5 3. d4 dxe4 4. Nxe4 Bf5 5. Ng3 Bg6 6. h4 h6 7. Nh3 e6 8. Nf4 Bh7 9. Be3 Bd6 10. Bd3 Bxd3 11. Qxd3 Nf6 12. O-O-O Qa5 13. Kb1 Na6 14. a3 O-O-O 15. c4 e5 16. Nfe2 exd4 17. Bxd4 Kb8 18. Bc3 Qc7 19. Nf5 Bb4 20. Qf3 Bxc3 21. Nxc3 Nc5 22. Nxg7 Qe5 23. Rhe1 Rxd1+ 24. Rxd1 Nfe4 25. Nxe4 Nxe4 26. Nh5 Nxf2 27. Qxf2 Qxh5 28. Qf4+ Ka8 29. Rd2 a6 30. Ka2 Rg8 31. Qc7 Qxh4 32. b3 Qe1 33. Rb2 Qe6 34. Qb6 h5 35. Qf2 h4 36. Re2 Qg4 37. Qe3 f5 38. Qe6 f4 39. a4 Qxe6 40. Rxe6 Rxg2+ 41. Ka3 h3 42. Rh6 h2 43. Kb4 f3 44. Kc5 Ka7 45. b4 f2 46. b5 axb5 47. axb5 cxb5 48. cxb5 f1=Q 49. b6+ Ka6 50. Kd6 Qf4+ 0-1


[Site "https://www.chess.com"]

[Event "Titled Tuesday Blitz April 11 Early 2023"]
[White "Rendle, Thomas E"]
[Black "Vovk, Orest"]
[WhiteFideId "408760"]
[BlackFideId "14113490"]
[WhiteElo "2428"]
[BlackElo "2215"]
[Result "1-0"]
[Round "03"]
[TimeControl "180+2"]
[Date "2023.04.11"]
[WhiteClock "0:01:59"]
[BlackClock "0:02:00"]

1. e4 g5 2. d4 g4 3. Nc3 Bg7 4. Bc4 c5 5. dxc5 Bxc3+ 6. bxc3 h5 7. h3 Qa5 8. Ne2 Qxc5 9. Qd4 Qxd4 10. cxd4 d6 11. hxg4 Bxg4 12. Rb1 b6 13. Bd5 1-0


[Site "https://www.chess.com"]

[Event "Titled Tuesday Blitz April 11 Early 2023"]
[White "Principe, Gerson"]
[Black "Vetoshko, Volodymyr"]
[WhiteFideId "3804550"]
[BlackFideId "14122480"]
[WhiteElo "2229"]
[BlackElo "2422"]
[Result "1-0"]
[Round "03"]
[TimeControl "180+2"]
[Date "2023.04.11"]
[WhiteClock "0:00:16"]
[BlackClock "0:00:03"]

1. d4 e6 2. Nf3 f5 3. g3 Nf6 4. Bg2 d5 5. O-O Bd6 6. c4 c6 7. b3 O-O 8. Ba3 Bxa3 9. Nxa3 Nbd7 10. Nc2 b6 11. Nce1 a5 12. Nd3 Ba6 13. Rc1 Rc8 14. Nde5 Nxe5 15. Nxe5 Nd7 16. Nd3 Qe7 17. Qd2 dxc4 18. bxc4 c5 19. d5 e5 20. e4 f4 21. f3 Qd6 22. Bh3 fxg3 23. hxg3 Rce8 24. Bxd7 Qxd7 25. Kg2 h6 26. Qb2 Qd6 27. a4 Rf6 28. f4 Qe7 29. fxe5 Rxf1 30. Rxf1 Qg5 31. e6 Bxc4 32. Rf3 Bxd3 33. Rxd3 c4 34. Rf3 h5 35. Qxb6 c3 36. Qf2 Rc8 37. Qc2 Qd2+ 38. Qxd2 cxd2 39. Rd3 Rc2 40. Kh3 h4 41. Kxh4 Kf8 42. d6 Ke8 43. Kg5 Rc5+ 44. Kg6 Rc3 45. Rxd2 Rxg3+ 46. Kf5 Rf3+ 47. Ke5 1-0


[Site "https://www.chess.com"]

[Event "Titled Tuesday Blitz April 11 Early 2023"]
[White "Makhnev, Denis"]
[Black "Mouhamad, Joachim"]
[WhiteFideId "13707647"]
[BlackFideId "656410"]
[WhiteElo "2515"]
[BlackElo "2125"]
[Result "1-0"]
[Round "03"]
[TimeControl "180+2"]
[Date "2023.04.11"]
[WhiteClock "0:01:30"]
[BlackClock "0:00:10"]

1. Nf3 d5 2. c4 d4 3. g3 Nc6 4. Bg2 e5 5. O-O e4 6. Ne1 Nf6 7. d3 exd3 8. Nxd3 Be7 9. b4 O-O 10. b5 Nb4 11. Bb2 Nxd3 12. Qxd3 Bc5 13. Nd2 Bb6 14. Nb3 c5 15. bxc6 bxc6 16. Bxc6 Bh3 17. Bxa8 Qxa8 18. f3 Bxf1 19. Rxf1 Rd8 20. c5 Bc7 21. Bxd4 Nd5 22. Rd1 Nb4 23. Qc4 a5 24. Rd2 Qc6 25. Bc3 Nd5 26. Bxa5 Bxa5 27. Nxa5 Qe6 28. e4 Qh6 29. Rxd5 1-0


[Site "https://www.chess.com"]

[Event "Titled Tuesday Blitz April 11 Early 2023"]
[White "Krysa, Leandro"]
[Black "Cervantes Landeiro, Thalia"]
[WhiteFideId "116807"]
[BlackFideId "3520498"]
[WhiteElo "2489"]
[BlackElo "2172"]
[Result "1/2-1/2"]
[Round "03"]
[TimeControl "180+2"]
[Date "2023.04.11"]
[WhiteClock "0:00:05"]
[BlackClock "0:00:06"]

1. e4 c5 2. Nf3 d6 3. d4 cxd4 4. Nxd4 Nf6 5. Nc3 a6 6. Rg1 e5 7. Nb3 Be6 8. g4 d5 9. exd5 Nxd5 10. Nxd5 Qxd5 11. Qxd5 Bxd5 12. Be3 Nd7 13. O-O-O Bxb3 14. axb3 Bc5 15. Bxc5 Nxc5 16. Bg2 Ke7 17. b4 Ne6 18. Bxb7 Rab8 19. Bxa6 Rxb4 20. b3 Nf4 21. Rd2 Ra8 22. Bf1 Ra1+ 23. Kb2 Re1 24. Rh1 e4 25. h4 Rb8 26. Rd4 Kf6 27. g5+ Ke5 28. Rd7 Rf8 29. b4 g6 30. b5 Rb8 31. Rxf7 Rxb5+ 32. Bxb5 Rxh1 33. Rxh7 Rh2 34. h5 Rxf2 35. h6 Rh2 36. Rh8 Ne6 37. Re8 Kd6 38. Bc4 Nxg5 39. Rg8 Rxh6 40. Rd8+ Ke5 41. Ra8 Kf4 42. Re8 Rh2 43. Kc3 Nf3 44. Rf8+ Ke3 45. Bd5 Ne5 46. Re8 Kf4 47. Kd4 Rd2+ 48. Kc5 Rxc2+ 49. Kd6 e3 50. Rxe5 e2 51. Re4+ Kg3 52. Bc4 Kf2 53. Bxe2 Rxe2 54. Rg4 Rd2+ 55. Ke6 Ke3 56. Rxg6 Re2 57. Rf6 Kd3+ 58. Kf7 Ke3 59. Re6+ Kf2 60. Rxe2+ Kxe2 1/2-1/2


[Site "https://www.chess.com"]

[Event "Titled Tuesday Blitz April 11 Early 2023"]
[White "EREBUNI91"]
[Black "Toncheva, Nadya"]
[BlackFideId "2924056"]
[WhiteElo "2661"]
[BlackElo "2101"]
[Result "1-0"]
[Round "03"]
[TimeControl "180+2"]
[Date "2023.04.11"]
[WhiteClock "0:01:40"]
[BlackClock "0:00:09"]

1. e4 c5 2. Nc3 Nc6 3. Bb5 Nd4 4. Bc4 e6 5. Nge2 Nc6 6. O-O Nf6 7. d4 cxd4 8. Nxd4 Be7 9. Re1 O-O 10. e5 Ne8 11. Nxc6 dxc6 12. Qg4 Nc7 13. Bh6 Ne8 14. Rad1 Qa5 15. Rd3 b5 16. Bxg7 h5 17. Qxh5 Nxg7 18. Rg3 Rd8 19. Qh6 Bf8 20. Rh3 f5 21. exf6 bxc4 22. fxg7 Bxg7 23. Qh7+ Kf7 24. Rf3+ Qf5 25. Rxf5+ exf5 26. Qh5+ Kf8 27. Qh4 Bd7 28. Qxc4 Be8 29. Qc5+ Kg8 30. Qxf5 Bf7 31. h4 Rd2 32. h5 Rf8 33. Qg5 Rd6 34. Ne4 Re6 35. f4 Kh7 36. f5 Bh6 37. Nf6+ Rxf6 38. Qxf6 Bg7 39. Qxc6 Bxh5 40. Re7 Kh8 41. Qd7 Rg8 42. f6 1-0


[Site "https://www.chess.com"]

[Event "Titled Tuesday Blitz April 11 Early 2023"]
[White "Trifan, Andrei Ioan"]
[Black "Arifarsky"]
[WhiteFideId "12967068"]
[WhiteElo "2208"]
[BlackElo "2659"]
[Result "1-0"]
[Round "03"]
[TimeControl "180+2"]
[Date "2023.04.11"]
[WhiteClock "0:02:10"]
[BlackClock "0:02:06"]

1. e4 c5 2. Nf3 Nc6 3. Bb5 e6 4. O-O Nge7 5. c4 Ng6 6. d4 cxd4 7. Nxd4 a6 8. Ba4 Bc5 9. Be3 Qb6 10. Nc2 Bxe3 11. Nxe3 Qxb2 12. Nc2 O-O 13. Bb3 Rd8 14. Qd2 d6 15. Nc3 Na5 16. Rab1 Nxb3 17. axb3 1-0


[Site "https://www.chess.com"]

[Event "Titled Tuesday Blitz April 11 Early 2023"]
[White "Minko, Dmitry"]
[Black "Mendez Fortes, Eduardo Jesus"]
[WhiteFideId "24188468"]
[BlackFideId "3502376"]
[WhiteElo "2147"]
[BlackElo "2307"]
[Result "0-1"]
[Round "03"]
[TimeControl "180+2"]
[Date "2023.04.11"]
[WhiteClock "0:00:04"]
[BlackClock "0:00:05"]

1. e4 c5 2. Nf3 d6 3. d4 cxd4 4. Nxd4 Nf6 5. Nc3 a6 6. Be3 e5 7. Nb3 Be6 8. f3 Be7 9. Qd2 O-O 10. O-O-O Nbd7 11. g4 b5 12. g5 Nh5 13. h4 Nb6 14. Nd5 Bxd5 15. exd5 Ng3 16. Rh2 Nxf1 17. Rxf1 Nc4 18. Qd3 a5 19. Kb1 a4 20. Nc1 Rc8 21. b3 Nxe3 22. Qxe3 f5 23. f4 axb3 24. Nxb3 e4 25. h5 Rc4 26. h6 g6 27. Qc1 Qa8 28. Qb2 Rf7 29. Rd2 Bd8 30. Rd4 Rb7 31. Rfd1 Ra4 32. c3 Rba7 33. Rxa4 bxa4 34. Nd4 a3 35. Qb3 Rb7 36. Nb5 Qa6 37. c4 Qa5 38. Ka1 Bb6 39. Qxa3 Qxa3 40. Nxa3 Bc5 41. Nb5 Rb8 42. Kb2 Ra8 43. Re1 Kf7 44. Kb3 Ke7 45. a4 Kd7 46. Re2 Kc8 47. Ra2 Kb7 48. a5 Ra6 49. Ka4 Be3 50. Kb3 Bxf4 51. c5 dxc5 52. Kc4 Be3 53. d6 Kc6 54. Re2 Bd4 55. Nxd4+ cxd4 56. Kxd4 Kxd6 57. Ra2 Kc6 58. Rc2+ Kb5 59. Rc7 Re6 60. Rxh7 e3 61. Rb7+ Ka6 62. h7 e2 63. h8=Q Kxb7 64. Qg7+ Kc6 65. Qa7 e1=Q 66. Qb6+ Kd7 67. Qb7+ Ke8 68. Qc8+ Kf7 69. Qd7+ Re7 0-1


[Site "https://www.chess.com"]

[Event "Titled Tuesday Blitz April 11 Early 2023"]
[White "Reprintsev, Alexander"]
[Black "Souleidis, Georgios"]
[WhiteFideId "14100541"]
[BlackFideId "4206827"]
[WhiteElo "2211"]
[BlackElo "2401"]
[Result "0-1"]
[Round "03"]
[TimeControl "180+2"]
[Date "2023.04.11"]
[WhiteClock "0:00:33"]
[BlackClock "0:00:12"]

1. e4 c5 2. b3 e6 3. Qe2 a6 4. Bb2 Nc6 5. g3 d5 6. exd5 Qxd5 7. Nf3 Nf6 8. Bg2 Be7 9. O-O Qd8 10. Na3 Qc7 11. Nc4 b5 12. Nce5 Bb7 13. Nxc6 Bxc6 14. c4 O-O 15. Ne5 Bxg2 16. Kxg2 Rfd8 17. d3 Nd7 18. Ng4 Qc6+ 19. Qf3 Qxf3+ 20. Kxf3 h5 21. Ne3 Bf6 22. Rab1 Bxb2 23. Rxb2 Ne5+ 24. Ke2 Nxd3 25. Rd2 Ne5 26. f4 Nc6 27. Rfd1 Rxd2+ 28. Rxd2 Nd4+ 29. Kf2 b4 30. h3 a5 31. g4 hxg4 32. hxg4 g6 33. f5 gxf5 34. gxf5 a4 35. fxe6 fxe6 36. Nc2 axb3 37. Nxd4 bxa2 38. Nc2 a1=Q 39. Nxa1 Rxa1 40. Rd8+ Kf7 41. Rc8 b3 42. Rb8 Rc1 43. Rxb3 Rxc4 44. Ke3 e5 45. Rb6 Rd4 46. Rc6 c4 47. Kf3 Ke7 48. Ke3 Kd7 49. Rh6 c3 50. Rh7+ Kd6 51. Rh8 Kc5 52. Re8 Kb4 53. Rxe5 Rd8 54. Re7 Kb3 55. Rb7+ Kc2 56. Ke2 Re8+ 57. Kf2 Kd2 58. Rd7+ Kc1 59. Rc7 c2 60. Rb7 Re4 61. Kf3 Re5 62. Kf2 Kd2 63. Rd7+ Kc3 64. Rc7+ Kd3 65. Rc8 Re4 66. Kf3 Rc4 0-1


[Site "https://www.chess.com"]

[Event "Titled Tuesday Blitz April 11 Early 2023"]
[White "Belozerov, Andrei"]
[Black "Chernomordik, Pavel"]
[WhiteFideId "4120213"]
[BlackFideId "2804530"]
[WhiteElo "2373"]
[BlackElo "2193"]
[Result "1-0"]
[Round "03"]
[TimeControl "180+2"]
[Date "2023.04.11"]
[WhiteClock "0:00:34"]
[BlackClock "0:00:56"]

1. e4 g6 2. d4 Bg7 3. Nf3 d6 4. Bc4 e6 5. O-O b6 6. Re1 Bb7 7. Nbd2 Nd7 8. Nf1 Ne7 9. Ng3 c5 10. c3 Qc7 11. Bb3 O-O-O 12. a4 a6 13. Bg5 Rde8 14. Qd2 h6 15. Be3 c4 16. Bc2 f5 17. a5 b5 18. d5 fxe4 19. dxe6 exf3 20. exd7+ Qxd7 21. gxf3 Bxf3 22. Ne4 Qh3 23. Nxd6+ Kc7 24. Bb6+ Kb8 25. Ba7+ Kxa7 26. Qe3+ Ka8 27. Be4+ 1-0


[Site "https://www.chess.com"]

[Event "Titled Tuesday Blitz April 11 Early 2023"]
[White "Dudzinski, Pawel"]
[Black "Kvaloy, Aksel Bu"]
[WhiteFideId "1117890"]
[BlackFideId "1528815"]
[WhiteElo "2099"]
[BlackElo "2208"]
[Result "0-1"]
[Round "03"]
[TimeControl "180+2"]
[Date "2023.04.11"]
[WhiteClock "0:00:03"]
[BlackClock "0:00:07"]

1. e4 e5 2. Nf3 Nf6 3. Nxe5 Nc6 4. Nxc6 dxc6 5. d3 Bc5 6. h3 h5 7. Be2 Qd4 8. O-O Ng4 9. c3 Qd6 10. Bxg4 hxg4 11. d4 Bb6 12. e5 Qg6 13. Bf4 gxh3 14. g3 Bg4 15. f3 Be6 16. Kh2 O-O-O 17. Nd2 c5 18. dxc5 Bxc5 19. Qe2 Qf5 20. Ne4 Bb6 21. Bg5 Rd5 22. g4 Qxe5+ 23. f4 Rd2 24. Qxd2 Qxe4 25. Rae1 Qc6 26. b3 f6 27. f5 Qg2+ 28. Qxg2 hxg2+ 29. Kxg2 Bd5+ 30. Kg3 fxg5 31. Re5 c6 32. Re7 Bc7+ 33. Kf2 Bf4 34. Rxg7 Rh2+ 35. Ke1 Be5 36. f6 Bxc3+ 37. Kd1 Kd8 38. Rxg5 Rd2+ 39. Kc1 Rxa2 40. Rd1 Ke8 41. Rgxd5 cxd5 42. Rxd5 Bxf6 43. g5 Be7 44. Rf5 Rg2 45. Rb5 b6 46. Rd5 Rxg5 47. Rd4 Rc5+ 48. Kb1 Rc6 49. Ka2 Rd6 50. Rc4 Kd7 51. Rg4 Rc6 52. Rg7 Re6 53. Kb2 Kc6 54. Ka2 a5 55. Rg8 Bb4 56. Rc8+ Kb5 57. Rg8 Re2+ 58. Kb1 Bc3 59. Rg4 Kc5 60. Rc4+ Kb5 61. Rxc3 Kb4 62. Rd3 Ka3 63. Rf3 Rb2+ 64. Ka1 Rxb3 65. Rf2 Kb4 66. Rf4+ Kb5 67. Rf5+ Ka6 68. Rf8 a4 69. Ka2 Rh3 70. Re8 b5 71. Ra8+ Kb6 72. Rb8+ Ka5 73. Rf8 Rh2+ 74. Kb1 Rd2 75. Ka1 Kb4 76. Kb1 Kb3 77. Rf4 Rd1# 0-1


[Site "https://www.chess.com"]

[Event "Titled Tuesday Blitz April 11 Early 2023"]
[White "Belov, Alexei"]
[Black "Rangel, Daniel"]
[WhiteFideId "4128206"]
[BlackFideId "2124475"]
[WhiteElo "2647"]
[BlackElo "2256"]
[Result "0-1"]
[Round "03"]
[TimeControl "180+2"]
[Date "2023.04.11"]
[WhiteClock "0:00:17"]
[BlackClock "0:00:16"]

1. e4 c5 2. Nf3 g6 3. d4 cxd4 4. Nxd4 Bg7 5. Nc3 Nc6 6. Be3 Nf6 7. Be2 O-O 8. O-O d5 9. exd5 Nxd5 10. Nxd5 Qxd5 11. Bf3 Qa5 12. Nxc6 bxc6 13. c3 Rb8 14. b4 Qa3 15. Bxc6 Bxc3 16. Rc1 Bf6 17. b5 Bb7 18. Rc2 Rfd8 19. Qf3 Bc8 20. Bf4 Qxf3 21. gxf3 e5 22. Be3 Bf5 23. Rcc1 Bd3 24. Rfd1 Bxb5 25. Rxd8+ Bxd8 26. Bxa7 Rc8 27. Bxb5 Rxc1+ 28. Kg2 Rc2 29. a4 Ba5 30. f4 exf4 31. Kf3 Be1 32. Bb6 Ra2 33. h4 Kg7 34. Bd4+ f6 35. Kxf4 Bxf2 36. Bc3 Bxh4 37. a5 Bg5+ 38. Ke4 h5 39. a6 h4 40. Bd4 h3 41. a7 h2 42. Kd3 h1=Q 0-1


[Site "https://www.chess.com"]

[Event "Titled Tuesday Blitz April 11 Early 2023"]
[White "Rios Escobar, Adan"]
[Black "Mamedov, Edgar"]
[WhiteFideId "3403645"]
[BlackFideId "13739980"]
[WhiteElo "2467"]
[BlackElo "2330"]
[Result "0-1"]
[Round "03"]
[TimeControl "180+2"]
[Date "2023.04.11"]
[WhiteClock "0:00:01"]
[BlackClock "0:00:45"]

1. d4 d5 2. g3 Nf6 3. Nf3 Bf5 4. c4 c6 5. Nc3 e6 6. Nh4 Be4 7. f3 Bg6 8. Qb3 Qc8 9. e4 dxe4 10. Nxg6 hxg6 11. fxe4 e5 12. dxe5 Ng4 13. e6 fxe6 14. Bg5 Nd7 15. Qc2 Bc5 16. O-O-O Be3+ 17. Kb1 Bxg5 18. e5 Ngxe5 19. Ne4 Be7 20. c5 Qc7 21. Nd6+ Bxd6 22. cxd6 Qb6 23. Bg2 O-O-O 24. Rd2 Qb4 25. Re1 Nc4 26. Red1 Na3+ 27. Ka1 Nxc2+ 28. Rxc2 Rxh2 29. Rdc1 Rxg2 30. Rxg2 Qxd6 31. Rgc2 Ne5 32. g4 Nxg4 33. a3 Ne3 34. Rc3 Qd2 35. b4 Qd4 36. Kb1 Nd1 37. R3c2 Qe5 38. a4 Rd4 39. b5 Rb4+ 40. Ka2 Rb2+ 41. Ka3 Qe3+ 42. Rc3 Nxc3 43. Kxb2 Nxa4+ 44. Kb1 Qb3+ 45. Ka1 Qb2# 0-1


[Site "https://www.chess.com"]

[Event "Titled Tuesday Blitz April 11 Early 2023"]
[White "Petukhov, Dmitry"]
[Black "Munkhgal, Gombosuren"]
[WhiteFideId "4142748"]
[BlackFideId "4901266"]
[WhiteElo "2311"]
[BlackElo "2528"]
[Result "1-0"]
[Round "03"]
[TimeControl "180+2"]
[Date "2023.04.11"]
[WhiteClock "0:00:21"]
[BlackClock "0:01:15"]

1. e4 e6 2. d4 d5 3. e5 c5 4. c3 Nc6 5. Nf3 Qb6 6. a3 Nh6 7. b4 cxd4 8. cxd4 Nf5 9. Be3 Nxe3 10. fxe3 f6 11. exf6 gxf6 12. Bd3 Bh6 13. Qe2 O-O 14. O-O e5 15. Nc3 Be6 16. Na4 Qd8 17. Nc5 Bc8 18. dxe5 fxe5 19. e4 d4 20. b5 Be3+ 21. Kh1 Qd6 22. Qa2+ Kh8 23. Qd5 Qxd5 24. exd5 Na5 25. Nxe5 Rxf1+ 26. Rxf1 b6 27. Rf8+ Kg7 28. Rf7+ Kh6 29. Rxh7+ Kg5 30. Ne4+ Kf5 31. Rh5+ Kf4 32. Ng6+ Kg4 33. Be2# 1-0


[Site "https://www.chess.com"]

[Event "Titled Tuesday Blitz April 11 Early 2023"]
[White "Papp, Levente"]
[Black "Chandreyee, Hajra"]
[WhiteFideId "751243"]
[BlackFideId "5056535"]
[WhiteElo "2380"]
[BlackElo "1725"]
[Result "1-0"]
[Round "03"]
[TimeControl "180+2"]
[Date "2023.04.11"]
[WhiteClock "0:00:16"]
[BlackClock "0:00:18"]

1. b3 e6 2. Bb2 f5 3. d3 Nf6 4. Nd2 d5 5. e4 dxe4 6. dxe4 Bb4 7. c3 Be7 8. exf5 exf5 9. Bc4 Nbd7 10. Ngf3 Nb6 11. Qe2 Nxc4 12. Qxc4 Qd5 13. Qxd5 Nxd5 14. c4 Nf4 15. O-O O-O 16. Be5 Ne6 17. Rfe1 Bd7 18. Bxc7 Bc5 19. Be5 Rae8 20. a3 a5 21. Bc3 Nf4 22. Ne5 Bc6 23. b4 Ba7 24. Nxc6 bxc6 25. Kf1 Nd3 26. Rxe8 Rxe8 27. c5 Bb8 28. Nf3 Nf4 29. bxa5 Nd5 30. Bb4 Bf4 31. Re1 Rb8 32. g3 Bc7 33. Nd4 Nxb4 34. axb4 Rxb4 35. Nxc6 Rb5 36. a6 Rxc5 37. a7 Rxc6 38. a8=Q+ Kf7 39. Qxc6 1-0


[Site "https://www.chess.com"]

[Event "Titled Tuesday Blitz April 11 Early 2023"]
[White "Jimenez Jimenez, Leandro"]
[Black "Megalios, Konstantinos"]
[WhiteFideId "6415253"]
[BlackFideId "4238044"]
[WhiteElo "2263"]
[BlackElo "2277"]
[Result "0-1"]
[Round "03"]
[TimeControl "180+2"]
[Date "2023.04.11"]
[WhiteClock "0:00:05"]
[BlackClock "0:00:14"]

1. d4 Nf6 2. c4 c5 3. dxc5 Na6 4. g3 Nxc5 5. Bg2 g6 6. Nc3 Bg7 7. Nf3 O-O 8. O-O d6 9. Nd4 Rb8 10. b4 Ne6 11. Nc2 Ng4 12. Bb2 Bd7 13. a4 Re8 14. a5 Qc8 15. Na3 Ne5 16. Qb3 Nd4 17. Qa2 Be6 18. Nd5 Nxe2+ 19. Kh1 Bxd5 20. Bxd5 Qh3 21. Bxe5 Bxe5 22. Qxe2 Bxa1 23. Rxa1 e6 24. Bg2 Qf5 25. Nb5 d5 26. Rd1 Qf6 27. Nxa7 dxc4 28. Qxc4 Qxf2 29. Qd4 Qxd4 30. Rxd4 e5 31. Rd7 e4 32. Kg1 f5 33. Bf1 Rbd8 34. Bc4+ Kh8 35. Rxd8 Rxd8 36. Nb5 Rd2 37. h4 Rb2 38. Nd6 Rxb4 39. Bd5 e3 40. Bxb7 Rb1+ 41. Kg2 e2 42. Nf7+ Kg7 43. a6 e1=Q 44. a7 Qh1+ 45. Kf2 Qxb7 46. Nd6 Rb2+ 47. Ke1 Qxa7 48. Ne8+ Kh6 49. Nd6 Qe3+ 0-1


[Site "https://www.chess.com"]

[Event "Titled Tuesday Blitz April 11 Early 2023"]
[White "Danielyan, Vahe"]
[Black "Rafiee, Makan"]
[WhiteFideId "13304828"]
[BlackFideId "24609340"]
[WhiteElo "2423"]
[BlackElo "2327"]
[Result "1-0"]
[Round "03"]
[TimeControl "180+2"]
[Date "2023.04.11"]
[WhiteClock "0:02:06"]
[BlackClock "0:02:09"]

1. d4 d5 2. c4 e6 3. Nc3 Nf6 4. Nf3 Be7 5. Bf4 O-O 6. e3 a6 7. cxd5 Nxd5 8. Nxd5 Qxd5 9. a3 c5 10. dxc5 Qxc5 11. Bd3 Nc6 12. O-O b5 13. Rc1 Qb6 14. Qc2 Bb7 15. Bxh7+ Kh8 16. Be4 Rac8 17. Qe2 f5 18. Bxc6 Bxc6 19. Ne5 g5 20. Qh5+ Kg7 21. Qg6+ 1-0


[Site "https://www.chess.com"]

[Event "Titled Tuesday Blitz April 11 Early 2023"]
[White "Shuvalov, Evgenij"]
[Black "Bodnaruk, Anastasia"]
[WhiteFideId "4187237"]
[BlackFideId "4181751"]
[WhiteElo "2080"]
[BlackElo "2310"]
[Result "1-0"]
[Round "03"]
[TimeControl "180+2"]
[Date "2023.04.11"]
[WhiteClock "0:00:07"]
[BlackClock "0:00:06"]

1. d4 Nf6 2. c4 g6 3. Nc3 Bg7 4. e4 d6 5. Nf3 O-O 6. Be2 e5 7. O-O Nc6 8. d5 Ne7 9. Ne1 Nd7 10. Be3 f5 11. f3 f4 12. Bf2 g5 13. Rc1 Rf6 14. c5 dxc5 15. b4 c4 16. Bxc4 Kh8 17. Nb5 a6 18. Na7 Rxa7 19. Bxa7 b6 20. a4 Rg6 21. a5 g4 22. fxg4 Nf6 23. Be2 Nxe4 24. Qc2 Qxd5 25. Rd1 Qc6 26. Rd8+ Ng8 27. Qxc6 Rxc6 28. Bf3 Rd6 29. Rxc8 Nd2 30. Rf2 e4 31. Be2 Bd4 32. axb6 cxb6 33. Re8 Kg7 34. Bb8 Bxf2+ 35. Kxf2 Rd5 36. Bxf4 Nf6 37. Re7+ Kf8 38. Rb7 e3+ 39. Bxe3 Nde4+ 40. Kf3 Nd6 41. Rxb6 Nd7 42. Rxa6 Ne5+ 43. Kg3 Ne4+ 44. Kf4 Nc3 45. Bc5+ Kg8 46. Nf3 Nxe2+ 47. Ke3 Nxf3 48. Kxe2 Ne5 49. Ke3 Nc4+ 50. Ke4 Rd2 51. g3 Rxh2 52. g5 Re2+ 53. Kf4 Rf2+ 54. Bxf2 Kf8 55. Ra7 Nd6 56. Bc5 Ke8 57. Bxd6 Kd8 58. Rxh7 Kc8 59. g6 1-0


[Site "https://www.chess.com"]

[Event "Titled Tuesday Blitz April 11 Early 2023"]
[White "Kalashian, David"]
[Black "Manukian, Artak"]
[WhiteFideId "13302418"]
[BlackFideId "13301373"]
[WhiteElo "2490"]
[BlackElo "2130"]
[Result "1/2-1/2"]
[Round "03"]
[TimeControl "180+2"]
[Date "2023.04.11"]
[WhiteClock "0:00:16"]
[BlackClock "0:00:14"]

1. d4 d5 2. Nf3 Nf6 3. c4 dxc4 4. e3 e6 5. Bxc4 c5 6. O-O a6 7. a4 Nc6 8. Nc3 cxd4 9. exd4 Be7 10. Bg5 O-O 11. Re1 Nb4 12. Qe2 Bd7 13. Ne5 Rc8 14. Rad1 Be8 15. Bb3 h6 16. Bh4 Nfd5 17. Nxd5 Nxd5 18. Bxd5 Bxh4 19. Bxb7 Rb8 20. Bxa6 Bxa4 21. Rd3 Qa5 22. Bc4 Bf6 23. b3 Be8 24. Ng4 Bd8 25. Rg3 Bc7 26. Rh3 Qg5 27. Ne5 Bxe5 28. Qxe5 Qxe5 29. dxe5 Bc6 30. Rd3 Rfd8 31. Red1 Rxd3 32. Rxd3 Bd5 33. Bxd5 exd5 34. f4 Rb5 35. Kf2 Kf8 36. Ke3 Ke7 37. g4 Ke6 38. Rc3 Rb4 39. Rc6+ Ke7 40. Rc7+ Ke6 41. Rc6+ Ke7 42. f5 Re4+ 43. Kd3 Rxe5 44. b4 Re4 45. b5 Rxg4 46. b6 Rb4 47. Kc3 Rb1 48. Kd4 g5 49. fxg6 fxg6 50. Kc5 d4 51. Rxg6 d3 52. Rg2 Rc1+ 53. Kb5 Rc2 54. Rg3 d2 55. Rd3 Rb2+ 56. Kc6 Rc2+ 57. Kb7 Ke6 58. Ka7 Ra2+ 59. Kb8 Ke5 60. b7 Ke4 61. Rd7 Rb2 62. Kc8 Ke3 63. Re7+ Kf2 64. Rf7+ Ke2 65. Re7+ Kf2 66. Rd7 Ke2 67. b8=Q Rxb8+ 68. Kxb8 d1=Q 69. Rxd1 Kxd1 70. Kc7 Ke2 71. Kd6 h5 72. Ke5 Kf3 73. Kf5 Kg2 74. h4 Kf3 75. Kg5 Ke4 76. Kg6 Ke5 77. Kg5 Ke6 78. Kg6 Ke7 79. Kg7 Ke6 80. Kg6 Ke7 81. Kxh5 Kf7 82. Kh6 Kg8 83. h5 Kh8 84. Kg6 Kg8 85. h6 Kh8 86. h7 1/2-1/2


[Site "https://www.chess.com"]

[Event "Titled Tuesday Blitz April 11 Early 2023"]
[White "Vaibhav Jayant Raut"]
[Black "Maxfan2008"]
[WhiteFideId "5089034"]
[WhiteElo "2156"]
[BlackElo "2460"]
[Result "1/2-1/2"]
[Round "03"]
[TimeControl "180+2"]
[Date "2023.04.11"]
[WhiteClock "0:00:47"]
[BlackClock "0:00:21"]

1. Nf3 d5 2. g3 Bg4 3. Bg2 Nd7 4. d4 e6 5. O-O Ngf6 6. c4 c6 7. Ne5 Bf5 8. Nc3 Bd6 9. Nxd7 Qxd7 10. Re1 O-O 11. e4 dxe4 12. Nxe4 Nxe4 13. Bxe4 Bxe4 14. Rxe4 Rad8 15. Qc2 h6 16. Bd2 Be7 17. Bc3 Bf6 18. Rd1 Rfe8 19. Re2 Qc7 20. Red2 Rd7 21. Qa4 b6 22. Qc2 Red8 23. Qe4 c5 24. d5 Bxc3 25. bxc3 Rd6 26. Rd3 Qd7 27. h4 Qa4 28. Kg2 exd5 29. Rxd5 Rxd5 30. Rxd5 Rxd5 31. Qxd5 Qxa2 32. Qd8+ Kh7 33. Qd3+ g6 34. Qd5 Kg7 35. Qe5+ Kg8 36. Qe8+ Kg7 37. Qe5+ Kh7 38. Qd5 Kg7 39. Qe5+ 1/2-1/2


[Site "https://www.chess.com"]

[Event "Titled Tuesday Blitz April 11 Early 2023"]
[White "Veiga, Jose Francisco R P Neves"]
[Black "Yosha_Iglesias"]
[WhiteFideId "1930087"]
[WhiteElo "2320"]
[BlackElo "2458"]
[Result "1-0"]
[Round "03"]
[TimeControl "180+2"]
[Date "2023.04.11"]
[WhiteClock "0:00:21"]
[BlackClock "0:00:36"]

1. e4 c5 2. Nf3 d6 3. Bb5+ Bd7 4. Bxd7+ Qxd7 5. O-O Nc6 6. c4 Nf6 7. Nc3 g6 8. d4 cxd4 9. Nxd4 Bg7 10. Nc2 O-O 11. f3 Qe6 12. Qe2 Rfc8 13. Be3 Nd7 14. Rac1 Bxc3 15. bxc3 Nde5 16. c5 Qc4 17. Qxc4 Nxc4 18. cxd6 Nxd6 19. Rfd1 f6 20. Nb4 Nxb4 21. cxb4 b6 22. Kf2 Kf7 23. Ke2 Rxc1 24. Rxc1 Rc8 25. Rxc8 Nxc8 26. Kd3 Nd6 27. a4 e5 28. b5 Nb7 29. Kc3 Ke6 30. Kb4 Kd6 31. Bh6 Ke7 32. h4 Nc5 33. a5 Nd3+ 34. Kc3 Ne1 35. Be3 Nxg2 36. Bxb6 1-0


[Site "https://www.chess.com"]